 Dungeon Crawl Stone Soup version 0.20-a0-1008-g0de3dc5 (webtiles) character file.

25 Monsterracer the Poker (level 3, -5/27 HPs)
             Began as a Merfolk Skald on Apr 14, 2017.
             Killed from afar by Sigmund (6 damage)
             ... with a magic dart
             ... on level 2 of the Dungeon.
             The game lasted 00:02:21 (1203 turns).

Monsterracer the Poker (Merfolk Skald)              Turns: 1203, Time: 00:02:22

Health: -5/27      AC:  4    Str: 11    XL:     3   Next: 4%
Magic:  1/6        EV: 12    Int: 13    God:
Gold:   153        SH:  0    Dex: 13    Spells: 3/6 levels left

rFire    . . .     SeeInvis .   a - +0 spear
rCold    . . .     Gourm    .   (no shield)
rNeg     . . .     Faith    .   b - +0 leather armour
rPois    .         Spirit   .   (no helmet)
rElec    .         Reflect  .   (no cloak)
rCorr    .         Harm     .   e - +0 pair of gloves
MR       .....                  (no boots)
Stlth    +.........             (no amulet)
Regen    0.1/turn               (no ring)
MPRegen  0.1/turn               (no ring)

@: no status effects
A: change form in water, swift swim, stealthy swim
a: no special abilities


You were on level 2 of the Dungeon.
You were very hungry.

You visited 1 branch of the dungeon, and saw 2 of its levels.

You collected 153 gold pieces.

Inventory:

Hand Weapons
 a - a +0 spear (weapon)
Armour
 b - a +0 leather armour (worn)
 e - a +0 pair of gloves (worn)
Scrolls
 f - a scroll of immolation {unknown}
 h - a scroll of noise {unknown}
 i - a scroll of fog {unknown}
 k - a scroll of teleportation {unknown}
Potions
 g - 2 potions of invisibility
 j - a potion of curing
Books
 c - a book of Battle

   Spells                             Type                      Level
   a - Infusion                       Charms                       1
   b - Shroud of Golubria             Charms/Translocation         2
   c - Song of Slaying                Charms                       2
   d - Spectral Weapon                Hexes/Charms                 3
   e - Regeneration                   Charms/Necromancy            3
Comestibles
 d - a bread ration


   Skills:
 - Level 2.1 Fighting
 + Level 5.0 Polearms
 - Level 0.6 Armour
 - Level 2.6 Dodging
 - Level 2.0 Spellcasting
 - Level 3.2 Charms


You had 3 spell levels left.
You knew the following spells:

 Your Spells              Type           Power        Failure   Level  Hunger
a - Infusion              Chrm           #...         12%         1    ##.....
b - Shroud of Golubria    Chrm/Tloc      #.........   28%         2    ###....


Dungeon Overview and Level Annotations

Branches:
Dungeon (2/15)

Altars:

Annotations:
D:2 Sigmund


Message History

* * * LOW HITPOINT WARNING * * *
Attack whom?
Press: ? - help, Dir - move target cursor, f/p - Sigmund
Aim: Sigmund, wielding a scythe and wearing a robe (severely wounded)
You reach to attack!
You barely miss Sigmund.
Sigmund is severely wounded.
Attack whom?
Press: ? - help, Dir - move target cursor, f/p - Sigmund
Aim: Sigmund, wielding a scythe and wearing a robe (severely wounded)
You reach to attack!
You barely miss Sigmund.
Sigmund is severely wounded.
Sigmund closely misses you.
Attack whom?
Press: ? - help, Dir - move target cursor, f/p - Sigmund
Aim: Sigmund, wielding a scythe and wearing a robe (severely wounded)
You reach to attack!
You closely miss Sigmund.
Sigmund is severely wounded.
Sigmund gestures at you while chanting. The magic dart hits you!
You die...

..##.#####.....#.#......#........
.....##........#.#......#........
........................+...#....
..##.##.......##.####...#.#.....#
.....##...#.>................#..#
......#...#...##.#..............#
......#[..###.##@#.#...#...###...
......#...#.....................#
..##..#...#.....@..#...###.###..#
......#...#...##...#######.###..#
......#...###.##................#
......#...#.....................#
......#...#...##...........#.....
...## #...###.##...........#.....
#...# #.##...........#<....
##+####.##...#....†..#.....
#........#....##.#.....


You could see Sigmund.

Vanquished Creatures
  An adder (D:2)
  A worm (D:2)
  3 goblins (D:1)
  3 kobolds (D:1)
  2 bats
  2 frilled lizards
  3 rats (D:1)
15 creatures vanquished.

Notes
Turn   | Place    | Note
-------+----------+-------------------------------------------
     0 | D:1      | Monsterracer the Merfolk Skald began the quest for the Orb.
     0 | D:1      | Reached XP level 1. HP: 16/16 MP: 3/3
   447 | D:1      | Reached skill level 4 in Polearms
   447 | D:1      | Reached XP level 2. HP: 22/22 MP: 5/5
   455 | D:1      | Learned a level 2 spell: Shroud of Golubria
   962 | D:2      | Reached skill level 5 in Polearms
   962 | D:2      | Reached XP level 3. HP: 27/27 MP: 0/6
  1064 | D:2      | Noticed Sigmund
  1200 | D:2      | HP: 1/27 [Sigmund/magic dart (5)]
  1203 | D:2      | Killed from afar by Sigmund

Vault maps used:
D:1:      elethiomel_arrival_infinity_welcomes_careful_drivers
D:2:      okawaru_ov_weapons_minmay, first_bread, lemuel_blue_sif_altar,
          uniq_sigmund

Skill      XL: |  1  2 |
---------------+-------+-----
Polearms       | 4 5 |  5.0
Fighting       | |  2.1
Armour         | |  0.6
Dodging        | |  2.6
Spellcasting   | |  2.0
Charms         | |  3.2

Action                   || total
-------------------------++-------
Melee: Spear             ||    72
 Cast: Infusion          ||     3
       Shroud of Golubri ||     1
  Use: Potion            ||     2
Armor: Leather armour    ||     7
Dodge: Dodged            ||    33
